 Dungeon Crawl Stone Soup version bcrawl-1.21.3-1-g0d72ed7573 (webtiles) character file.

Game seed: 11098553907234593309

1016 Mehrunes the Ducker (level 8, 0/46 HPs)
             Began as a Fairy Fire Elementalist on Apr 15, 2020.
             Was an Initiate of Vehumet.
             Killed by divine providence
             ... invoked by an orc priest
              (10 damage)
             ... on level 4 of the Dungeon.
             The game lasted 00:12:12 (4246 turns).

Mehrunes the Ducker (Fairy Fire Elementalist)       Turns: 4246, Time: 00:12:13

Health: 0/46       AC:  6    Str:  6    XL:     8   Next: 21%
Magic:  14/14      EV: 21    Int: 20    God:    Vehumet [......]
Gold:   315        SH:  5    Dex: 14    Spells: 3/12 levels left

rFire    . . .     SeeInvis .   s - +0 hand axe (elec)
rCold    . . .     Gourm    +   (shield restricted)
rNeg     + . .     Faith    .   (armour unavailable)
rPois    .         Spirit   .   (no helmet)
rElec    .         Reflect  .   (no cloak)
rCorr    .         Harm     .   u - +0 pair of gloves
MR       .....                  (no boots)
Stlth    +.........             h - amulet of the gourmand
HPRegen  0.15/turn              l - ring of positive energy
MPRegen  0.14/turn              (no ring)

@: flying evasively
A: small, magic attunement, unstealthy, unfitting armour, able to fly, AC/SH +5
a: Stop Flying, Renounce Religion


You were on level 4 of the Dungeon.
You worshipped Vehumet.
Vehumet was noncommittal.
You were not hungry.

You visited 1 branch of the dungeon, and saw 4 of its levels.

You collected 315 gold pieces.

Inventory:

Hand Weapons
 q - a +0 short sword
 s - a +0 hand axe of electrocution (weapon)
Missiles
 b - 1126 stones (quivered)
Armour
 u - a +0 pair of gloves (worn)
Jewellery
 h - an amulet of the gourmand (around neck)
 l - a ring of positive energy (left hand)
Wands
 j - a wand of polymorph (11)
Scrolls
 c - a scroll of amnesia
 d - a scroll of teleportation {unknown}
 f - 4 scrolls of identify {unknown}
 k - 3 scrolls of remove curse
 n - a scroll of immolation {unknown}
 o - a scroll of magic mapping {unknown}
Potions
 a - a potion of resistance {unknown}
 g - 3 potions of brilliance {unknown}
 i - 2 potions of heal wounds {unknown}
 m - 2 potions of haste {unknown}
 p - 2 potions of ambrosia {unknown}
 r - 2 potions of agility {unknown}
 t - 3 potions of curing {unknown}
 v - a potion of might {unknown}
 w - a potion of lignification {unknown}
Comestibles
 e - 7 rations {!d}


   Skills:
 + Level 7.5 Dodging
 - Level 1.5 Stealth
 - Level 2.6 Spellcasting
 + Level 6.4 Conjurations
 + Level 7.4 Fire Magic


You had 3 spell levels left.
You knew the following spells:

 Your Spells              Type           Power        Failure   Level  Hunger
a - Flame Tongue          Conj/Fire      ####.        1%          1    None
b - Conjure Flame         Conj/Fire      ####....     2%          3    None
c - Fireball              Conj/Fire      ####......   24%         5    None

Your spell library contained the following spells:

 Spells                   Type           Power        Failure   Level  Hunger
 Flaming Arrows           Chrm/Fire      ###.....     4%          2    None
 Inner Flame              Hex/Fire       N/A          10%         3    None
 Dazzling Spray           Conj/Hex       ###...       12%         3    None
 Confuse                  Hex            #.......     41%         3    None
 Sticky Flame             Conj/Fire      ####....     9%          4    None
 Petrify                  Tmut/Erth      #.......     82%         4    None
 Yara's Violent Unravell  Hex/Tmut       #.........   82%         4    None
 Metabolic Englaciation   Hex/Ice        #.........   99%         5    None
 Mana Rupture             Conj/Hex       ###.......   100%        7    None


Dungeon Overview and Level Annotations

Branches:
Dungeon (4/12)             Temple (0/1) D:4

Altars:
Ashenzari
Kikubaaqudgha
Ru
Uskayaw
Vehumet
The Shining One

Shops:
D:4 :


Innate Abilities, Weirdness & Mutations

Your spells do not cause hunger and MP costs are reduced by 1.
Your bright wings attract enemies. (Stealth-)
You cannot fit into any form of body armour.
Your shimmering scales are hard and can block incoming attacks. (AC +5, SH +5)
You are small and have problems with some larger weapons.
You can fly continuously.


Message History

The flame tongue hits the orc priest but does no damage.
The orc priest is almost dead.
The orc priest closely misses you.
Casting: Flame Tongue (safe; 1% risk of failure)
Confirm with . or Enter, or press ? or * to list all spells.
Aiming: Flame Tongue (safe; 1% risk of failure)
Press: ? - help, Shift-Dir - straight line, f/p - orc priest
Aim: an orc priest, wielding a +0 mace and wearing a +0 scale mail (almost dead)
The flame tongue hits the orc priest but does no damage.
The orc priest is almost dead.
The orc priest completely misses you.
Casting: Flame Tongue (safe; 1% risk of failure)
Confirm with . or Enter, or press ? or * to list all spells.
Aiming: Flame Tongue (safe; 1% risk of failure)
Press: ? - help, Shift-Dir - straight line, f/p - orc priest
Aim: an orc priest, wielding a +0 mace and wearing a +0 scale mail (almost dead)
The flame tongue misses the orc priest.
The orc priest invokes the aid of Beogh against you.
Beogh smites you!
You die...

###..#..............##.(...#.<.
#..##..#.................)...
##..##.>#..........##<....#...
#...#...#.....)...........#...
#.#.....#..........##.........
#..................##.<.......
#..................##.....#...
#................####.....#...
#.......#....@...#########....
#.......#...o................#
#................###......#...
#....................#####..##
#......##..................###
#......##.....................
#.##..###.........############
#.##.####.........#
#.................#


You could see an orc priest.

Vanquished Creatures
  Grinder (D:3)
  A black bear (D:3)
  A sky beast (D:4)
  2 ogres
  A centaur (D:4)
  A howler monkey (D:4)
  A crimson imp (D:4)
  A centaur skeleton (D:3)
  2 hounds (D:4)
  An iguana (D:4)
  2 worker ants (D:4)
  Terence (D:3)
  3 adders
  3 oozes
  5 worms
  3 dart slugs
  3 leopard geckos
  8 orcs
  7 bats
  A giant cockroach (D:2)
  8 goblins
  5 hobgoblins
  2 jackals (D:4)
  2 quokkas
  2 ball pythons
  2 frilled lizards (D:2)
  8 kobolds
  6 rats
83 creatures vanquished.

Notes
Turn   | Place    | Note
-------+----------+-------------------------------------------
     0 | D:1      | Mehrunes the Fairy Fire Elementalist began the quest for
                  | the Orb.
     0 | D:1      | Reached XP level 1. HP: 11/11 MP: 6/6
   309 | D:1      | Reached XP level 2. HP: 17/17 MP: 7/7
   935 | D:2      | Reached XP level 3. HP: 21/21 MP: 9/9
   940 | D:2      | Learned a level 3 spell: Conjure Flame
  1053 | D:2      | Found a shattered altar of Ashenzari.
  1660 | D:3      | Noticed Terence
  1666 | D:3      | Killed Terence
  1666 | D:3      | Reached XP level 4. HP: 27/27 MP: 7/10
  1781 | D:3      | Found a glowing golden altar of the Shining One.
  1943 | D:3      | Reached XP level 5. HP: 26/31 MP: 9/11
  1978 | D:3      | Reached skill level 5 in Fire Magic
  2089 | D:3      | Noticed Grinder
  2105 | D:3      | Killed Grinder
  2105 | D:3      | Reached skill level 5 in Dodging
  2105 | D:3      | Reached XP level 6. HP: 36/36 MP: 10/12
  2293 | D:3      | Learned a level 5 spell: Fireball
  2519 | D:3      | Found an ancient bone altar of Kikubaaqudgha.
  2735 | D:3      | Reached XP level 7. HP: 41/41 MP: 13/13
  2859 | D:4      | Reached skill level 5 in Conjurations
  3156 | D:4      | Found a radiant altar of Vehumet.
  3164 | D:4      | Became a worshipper of Vehumet
  3631 | D:4      | Found a sacrificial altar of Ru.
  3631 | D:4      | Found a hide-covered altar of Uskayaw.
  3871 | D:4      | Reached XP level 8. HP: 43/46 MP: 14/14
  3901 | D:4      | Found Detet's Book Shop.
  3968 | D:4      | Found a staircase to the Ecumenical Temple.
  4246 | D:4      | Killed from afar by an orc priest

Skill      XL: |  1  2  3  4  5  6  7 |
---------------+----------------------+-----
Dodging        | 3 4 5 7 |  7.5
Fire Magic     | 4 5 6 7 |  7.4
Conjurations   | 2 3 4 6 |  6.4
Stealth        | |  1.5
Spellcasting   | |  2.6

Action                   |  1- 3 |  4- 6 |  7- 9 || total
-------------------------+-------+-------+-------++-------
Melee: Unarmed           |     1 |     1 |       ||     2
       Hand axe          |       |       |     8 ||     8
 Cast: Flame Tongue      |    62 |    63 |    78 ||   203
       Conjure Flame     |     1 |     6 |     4 ||    11
  Use: Scroll            |       |       |     3 ||     3
  Eat: Chunk             |     2 |     3 |     6 ||    11
Armor: Skin              |     2 |     4 |     2 ||     8
Dodge: Dodged            |    20 |    13 |    21 ||    54
Block: Other             |     3 |       |     5 ||     8
